 Dungeon Crawl Stone Soup version 0.22-a0-422-g9628fc8 (webtiles) character file.

52 Borgoz the Skirmisher (level 3, -6/23 HPs)
             Began as a Gargoyle Abyssal Knight on May 19, 2018.
             Was a Follower of Lugonu.
             Mangled by a gnoll
             ... wielding a +2 vampiric spear
              (7 damage)
             ... on level 2 of the Dungeon.
             The game lasted 00:02:07 (1743 turns).

Borgoz the Skirmisher (Gargoyle Abyssal Knight)     Turns: 1743, Time: 00:02:08

Health: -6/23      AC:  8    Str: 20    XL:     3   Next: 85%
Magic:  4/4        EV: 11    Int: 12    God:    Lugonu [*.....]
Gold:   92         SH:  0    Dex: 10    Spells: 2/2 levels left

rFire    . . .     SeeInvis .   a - +1 hand axe
rCold    . . .     Gourm    .   (no shield)
rNeg     + . .     Faith    .   b - +0 leather armour
rPois    ∞         Spirit   .   (no helmet)
rElec    +         Reflect  .   h - +1 cloak
rCorr    .         Harm     .   (no gloves)
MR       .....                  (no boots)
Stlth    +.........             (no amulet)
HPRegen  0.07/turn              (no ring)
MPRegen  0.09/turn              (no ring)

@: mighty
A: negative energy resistance 1, electricity resistance, unbreathing,
petrification resistance, rot immunity, AC +3
a: Depart the Abyss, Renounce Religion


You were on level 2 of the Dungeon.
You worshipped Lugonu.
Lugonu was aware of your devotion.
You were hungry.

You visited 1 branch of the dungeon, and saw 2 of its levels.
You visited the Abyss 1 time.

You collected 92 gold pieces.

Inventory:

Hand Weapons
 a - a +1 hand axe (weapon)
 i - a -1 hand axe
Armour
 b - a +0 leather armour (worn)
 h - a +1 cloak (worn)
Scrolls
 f - 2 scrolls of identify
 g - a scroll of fear
 k - a scroll of teleportation {unknown}
 l - a scroll of noise {unknown}
Potions
 d - a potion of curing
 e - a potion of brilliance
Comestibles
 c - 5 rations


   Skills:
 + Level 3.5 Fighting
 * Level 2.5 Axes
 + Level 2.6 Armour
 * Level 1.6 Dodging
 + Level 2.3 Invocations


You had 2 spell levels left.
You didn't know any spells.
Your spell library contained the following spells:

 Spells                   Type           Power        Failure   Level  Hunger
 Magic Dart               Conj           #...         36%         1    ##.....
 Conjure Flame            Conj/Fire      #.......     75%         3    ####...
 Slow                     Hex            #.......     50%         2    ###....
 Mephitic Cloud           Conj/Pois/Air  #.......     75%         3    ####...
 Blink                    Tloc           N/A          50%         2    ###....
 Call Imp                 Summ           #.......     50%         2    ###....


Dungeon Overview and Level Annotations

Branches:
Dungeon (2/15)

Altars:
Gozag
Vehumet
Xom


Innate Abilities, Weirdness & Mutations

You are resistant to torment.
Your stone body is resilient. (AC +3)
You are immune to poison.
You resist negative energy. (rN+)
You are resistant to electric shocks. (rElec)
You can survive without breathing.
You are immune to petrification.
You are immune to rotting.


Message History

You see here a flail.
You hit the gnoll.
The gnoll is moderately wounded.
The gnoll barely misses you.
The gnoll hits you from afar with a vampiric spear.
* * * LOW HITPOINT WARNING * * *
You closely miss the gnoll.
The gnoll is moderately wounded.
The gnoll closely misses you.
The gnoll hits you from afar with a vampiric spear.
* * * LOW HITPOINT WARNING * * *
You slash the gnoll!
The gnoll is almost dead.
The gnoll hits you with a spear.
* * * LOW HITPOINT WARNING * * *
The gnoll barely misses you.
You barely miss the gnoll.
The gnoll is almost dead.
The gnoll hits you from afar with a vampiric spear!
You die...

### ..# #.# #.#
###############
#.########......@ggg.$..
...........#############
#.#######..##.........
............#.##############
#.##>......................#
#.##.###....#.##..######.###
#.##.# #..#.#.##...........#
#.##.# #..#<#.##..######.#.#
#.##.# #..#.#.###.#......#.#


You could see 3 gnolls.

Vanquished Creatures
  A gnoll (D:2)
  An ooze (D:2)
  2 dart slugs
  A worm (D:2)
  3 bats
  4 giant cockroaches
  3 hobgoblins
  4 jackals (D:1)
  3 frilled lizards
  6 goblins
  2 kobolds
  A rat (D:1)
31 creatures vanquished.

Notes
Turn   | Place    | Note
-------+----------+-------------------------------------------
     0 | Abyss:1  | Borgoz the Gargoyle Abyssal Knight began the quest for the Orb.
     0 | Abyss:1  | Reached XP level 1. HP: 14/14 MP: 2/2
    54 | Abyss:1  | Found a corrupted altar of Lugonu.
    54 | Abyss:1  | Noticed a sky beast
    55 | D:1      | Escaped the Abyss
   126 | D:1      | Reached * piety under Lugonu
   126 | D:1      | Reached skill level 1 in Dodging
   126 | D:1      | Reached XP level 2. HP: 19/19 MP: 3/3
  1260 | D:2      | Reached XP level 3. HP: 23/23 MP: 4/4
  1322 | D:2      | Found a shimmering altar of Xom.
  1520 | D:2      | Found an opulent altar of Gozag.
  1707 | D:2      | Found a radiant altar of Vehumet.
  1742 | D:2      | HP: 1/23 [gnoll/spear (3)]
  1743 | D:2      | Mangled by a gnoll

Vault maps used:
D:1:      eino_arrival_cavern_b
D:2:      nicolae_overflow_hidden_temple, first_ration, grunt_gozag_breadcrumbs

Skill      XL: |  1 |
---------------+----+-----
Axes           | 2 |  2.5
Dodging        | 1 |  1.6
Fighting       | |  3.5
Armour         | |  2.6
Invocations    | |  2.3

Action                   || total
-------------------------++-------
Melee: Hand axe          ||   106
Invok: Depart the Abyss  ||     1
  Use: Scroll            ||     4
       Potion            ||     1
  Eat: Chunk             ||     2
Armor: Leather armour    ||    48
Dodge: Dodged            ||    73

Table legend:
 A = Spawn XP
 B = Non-spawn XP
 C = Spawn XP percentage of total XP
 D = Spawn monster count
 E = Non-spawn monster count
 F = Spawn count percentage of total count
 G = Total turns spent on level
                    A         B        C        D         E        F      G
               +---------+---------+-------+---------+---------+-------+---------
         Total |       0 |      75 |   0.0 |       0 |      31 |   0.0 |  1743
               +---------+---------+-------+---------+---------+-------+---------
           D:1 |       0 |      29 |   0.0 |       0 |      17 |   0.0 |   802
           D:2 |       0 |      46 |   0.0 |       0 |      14 |   0.0 |   886
               +---------+---------+-------+---------+---------+-------+---------
